 Dungeon Crawl Stone Soup version 0.28-a0-691-gad6df49e81 (webtiles) character file.

Game seed: 911331475230566681

113 demibob the Twirler (level 4, -2/37 HPs)
             Began as a Minotaur Gladiator on Oct 21, 2021.
             Slain by Grinder (6 damage)
             ... on level 3 of the Dungeon.
             The game lasted 00:02:17 (1669 turns).

demibob the Twirler (Minotaur Gladiator)            Turns: 1669, Time: 00:02:17

Health: -2/37      AC:  3    Str: 19    XL:     4   Next: 65%
Magic:  3/3        EV: 12    Int:  5    God:
Gold:   124        SH:  0    Dex: 12    Spells: 3/3 levels left

rFire   . . .      SeeInvis .   a - +0 quarterstaff
rCold   . . .      Faith    .   (shield currently unavailable)
rNeg    . . .      Spirit   .   b - +0 leather armour
rPois   .          Reflect  .   c - +0 hat
rElec   .          Harm     .   (no cloak)
rCorr   .          Rampage  .   (no gloves)
Will    .....                   (no boots)
Stlth   ..........              (no amulet)
HPRegen 0.12/turn               (no ring)
MPRegen 0.08/turn               (no ring)

@: silenced
A: horns 2, retaliatory headbutt
a: no special abilities


You were on level 3 of the Dungeon.
You visited 1 branch of the dungeon, and saw 3 of its levels.

You collected 124 gold pieces.


Innate Abilities, Weirdness & Mutations

You have a pair of horns on your head.
You reflexively headbutt those who attack you in melee.


   Skills:
 - Level 2.4 Fighting
 + Level 6.6 Staves
 - Level 2.0 Throwing
 - Level 3.2 Dodging


You had 3 spell levels left.
You didn't know any spells.
Your spell library was empty.

Inventory:

Hand Weapons
 a - a +0 quarterstaff (weapon)
Missiles
 d - 3 throwing nets (quivered) {=f}
Armour
 b - a +0 leather armour (worn)
 c - a +0 hat (worn)
Scrolls
 f - a scroll of fog {unknown}
 g - a scroll of teleportation {unknown}
 j - a scroll of noise {unknown}
Potions
 e - a potion of invisibility
 m - a potion of degeneration

Dungeon Overview and Level Annotations

Branches:
Dungeon (3/15)

Altars:

Annotations:
D:3 Grinder

#.# #####.#
.# #.....#
.# #.###.#
### #.# #.#
... #.# #.#
###### #.#
#.# .....#
#.###..
####.#
#.@5### #.#
###.# #.#
#.#
####.######
#.#
..........#
#.#
.###.####.#
#.# .# #.#
#.# ## #.#
#.# #.# #.#


You could see Grinder.


Message History

Grinder blinks!
As you read the scroll labelled CENIAR XIJOO, it crumbles to dust.
It is a scroll of amnesia.
You feel forgetful for a moment.
As you read the scroll labelled YFEYLU HOOWK, it crumbles to dust.
A profound silence engulfs you.
It was a scroll of silence.
You are too injured to fight recklessly!
You are too injured to fight recklessly!
Grinder blinks!
You closely miss Grinder.
Grinder is moderately wounded.
Grinder gestures at you.
You suddenly lose the ability to move!
Grinder hits you.
* * * LOW HITPOINT WARNING * * *
You writhe in agony.
* * * LOW HITPOINT WARNING * * *
Grinder gestures at you. You resist with significant effort.
Grinder hits you but does no damage.
You can move again.
You closely miss Grinder. You headbutt Grinder.
Grinder is moderately wounded.
Grinder misses you.
You barely miss Grinder.
Grinder is moderately wounded.
Grinder hits you.
* * * LOW HITPOINT WARNING * * *
You writhe in agony.
You die...

Skill      XL: |  1  2  3 |
---------------+----------+-----
Staves         | 4 5 6 |  6.6
Fighting       | |  2.4
Throwing       | |  2.0
Dodging        | |  3.2

Action                   |  1- 3 |  4- 6 || total
-------------------------+-------+-------++-------
Melee: Quarterstaff      |    73 |    12 ||    85
       Headbutt          |     8 |     3 ||    11
  Use: Scroll            |       |     5 ||     5
       Potion            |       |     1 ||     1
 Stab: Sleeping          |     1 |       ||     1
Armor: Leather armour    |     5 |     2 ||     7
Dodge: Dodged            |    31 |     4 ||    35

Levels and vault maps discovered:
D:1:      lemuel_arrival_broad_hall, layout_rooms
D:2:      layout_rooms, minmay_tromino_i4
D:3:      layout_loops_ring, hellmonk_ecumenical_altar_run_dry, uniq_natasha,
          uniq_grinder, uniq_crazy_yiuf_cottage, uniq_terence

Notes
Turn   | Place    | Note
-------+----------+-------------------------------------------
     0 | D:1      | demibob the Minotaur Gladiator began the quest for the Orb.
     0 | D:1      | Reached XP level 1. HP: 18/18 MP: 0/0
    33 | D:1      | Reached skill level 4 in Staves
   266 | D:1      | Reached XP level 2. HP: 25/25 MP: 1/1
   866 | D:1      | Reached skill level 5 in Staves
  1034 | D:2      | Reached XP level 3. HP: 30/30 MP: 2/2
  1506 | D:3      | Found a faded altar of an unknown god.
  1525 | D:3      | Noticed Terence
  1528 | D:3      | Killed Terence
  1529 | D:3      | Reached skill level 6 in Staves
  1529 | D:3      | Reached XP level 4. HP: 36/37 MP: 3/3
  1615 | D:3      | Noticed Natasha
  1618 | D:3      | Killed Natasha
  1644 | D:3      | Noticed Grinder
  1651 | D:3      | Paralysed by Grinder for 4 turns
  1664 | D:3      | Paralysed by Grinder for 4 turns
  1669 | D:3      | Slain by Grinder

Vanquished Creatures
  Natasha (D:3)
  Terence (D:3)
  2 adders (D:2)
  A worm (D:2)
  3 dart slugs
  4 bats
  2 endoplasms (D:1)
  A giant cockroach (D:2)
  3 goblins (D:1)
  5 hobgoblins
  2 quokkas (D:1)
  5 ball pythons
  4 frilled lizards
  A kobold (D:1)
  8 rats
43 creatures vanquished.

Table legend: (Time is in decaauts)
 A = Elapsed time spent in this place.
 B = Non-inter-level travel time spent in this place.
 C = Inter-level travel time spent in this place.
 D = Time resting spent in this place.
 E = Time spent auto-exploring this place.
 F = Levels seen in this place.
 G = Mean time per level.
                   A        B        C        D        E       F      G
               +--------+--------+--------+--------+--------+-----+--------+
         Total |   1672 |   1610 |     62 |    260 |   1089 |   3 |  557.3 |
       Dungeon |   1672 |   1610 |     62 |    260 |   1089 |   3 |  557.3 |
               +--------+--------+--------+--------+--------+-----+--------+

Top non-repeatable levels by time:
     D:1: 1033 daAuts
     D:2: 423 daAuts
     D:3: 215 daAuts

Table legend:
 A = Non-vault XP
 B = Vault XP
 C = Vault XP percentage of total XP
 D = Non-vault monster count
 E = Vault monster count
 F = Vault count percentage of total count
                 A         B        C        D         E       F
            +---------+---------+-------+---------+---------+-------
      Total |      82 |      80 |  49.4 |      37 |       6 |  14.0
            +---------+---------+-------+---------+---------+-------
        D:1 |      37 |       0 |   0.0 |      23 |       0 |   0.0
        D:2 |      38 |      12 |  24.0 |       8 |       4 |  33.3
        D:3 |       7 |      68 |  90.7 |       6 |       2 |  25.0
            +---------+---------+-------+---------+---------+-------
